 Dungeon Crawl Stone Soup version 0.30.0-3-ga4e48a9924 (webtiles) character file.

Game seed: 13948135971149071873

133 tizbic2 the Trooper (level 5, -2/54 HPs)
             Began as an Ogre Warper on May 7, 2023.
             Slain by Natasha (4 damage)
             ... on level 2 of the Dungeon.
             The game lasted 00:07:06 (1625 turns).

tizbic2 the Trooper (Ogre Warper)                   Turns: 1625, Time: 00:07:07

Health: -2/54      AC:  3    Str: 15    XL:     5   Next: 16%
Magic:  9/9        EV:  9    Int: 16    God:
Gold:   63         SH:  0    Dex:  8    Spells: 8/10 levels left

rFire   . . .        h - +1 glaive
rCold   . . .        (shield currently unavailable)
rNeg    . . .        b - +0 robe
rPois   .            (helmet restricted)
rElec   .            (no cloak)
rCorr   .            (gloves unavailable)
SInv    .            (boots unavailable)
Will    .....        g - amulet of faith
Stlth   +            (no ring)
HPRegen 0.29/turn    (no ring)
MPRegen 0.11/turn

%: faith
@: hasted, very quick
A: large, unfitting armour, tough skin 1
a: no special abilities


You were on level 2 of the Dungeon.
You visited 1 branch of the dungeon, and saw 2 of its levels.

You collected 63 gold pieces.

Inventory:

Hand Weapons
 a - a +0 spear
 h - a +1 glaive (weapon)
Missiles
 d - 7 boomerangs of dispersal (quivered)
Armour
 b - a +0 robe (worn)
Jewellery
 g - an amulet of faith (around neck)
Scrolls
 c - a scroll of blinking
 e - a scroll of identify
 f - a scroll of immolation
Potions
 k - a potion of curing {unknown}


   Skills:
 + Level 3.7 Fighting
 * Level 3.4 Polearms
 - Level 1.0 Throwing
 - Level 2.1 Dodging
 + Level 3.1 Spellcasting
 * Level 3.6 Translocations


You had 8 spell levels left.
You knew the following spells:

 Your Spells              Type           Power      Damage    Failure   Level
a - Blink                 Tloc           28%        N/A       6%          2

Your spell library contained the following spells:

 Spells                   Type           Power      Damage    Failure   Level
 Lesser Beckoning         Tloc           28%        N/A       6%          2
 Teleport Other           Tloc           14%        N/A       12%         3
 Freeze                   Ice            8%         1d3       19%         1
 Vhi's Electric Charge    Tloc/Air       16%        N/A       26%         3
 Manifold Assault         Tloc           14%        N/A       38%         4
 Frozen Ramparts          Ice            4%         1d1       50%         3
 Hailstorm                Conj/Ice       2%         3d3       50%         3


Dungeon Overview and Level Annotations

Branches:
Dungeon (2/15)

Altars:

Shops:
D:2 [

Annotations:
D:2 Natasha


Innate Abilities, Weirdness & Mutations

You are too large for most types of armour.
You have tough skin. (AC +1)


Message History

Press: ? - help, Dir - move target, f/p - Natasha
Aim: Natasha (about 63% to evade your +1 glaive)
You hit Natasha but do no damage. Natasha claws you!
Natasha casts a spell at you. The magic dart hits you!
You hit Natasha.
Natasha is lightly wounded.
Natasha claws you.
You barely miss Natasha.
Natasha is lightly wounded.
Natasha claws you but does no damage. Natasha barely misses you.
You completely miss Natasha. Natasha closely misses you.
The giant cockroach closely misses you.
You closely miss Natasha. Natasha casts a spell at you.
You resist with some effort.
The giant cockroach bites you but does no damage.
Natasha casts a spell at you. The magic dart hits you.
The giant cockroach bites you.
You closely miss Natasha.
The giant cockroach bites you but does no damage.
Natasha claws you. The giant cockroach closely misses you.
You completely miss Natasha. Natasha claws you!
The giant cockroach closely misses you. Natasha claws you but does no damage.
The giant cockroach bites you.
* * * LOW HITPOINT WARNING * * *
You barely miss Natasha. Natasha claws you!
* * * LOW HITPOINT WARNING * * *
The giant cockroach bites you but does no damage.
Natasha barely misses you.
You feel yourself speed up.
The giant cockroach bites you but does no damage.
The giant cockroach barely misses you. Natasha closely misses you.
You closely miss Natasha.
The giant cockroach bites you but does no damage.
Natasha claws you!
* * * LOW HITPOINT WARNING * * *
You barely miss Natasha. The giant cockroach closely misses you.
Natasha claws you.
You die...

# #.#.####
#.#.#.......... #
#.#....#
#.#.#.#........ #
#.#....#
#.#.#.#..<.... #
#.#....# #.#.#.#..#...
###.#....# #.#.......#
....##.### #.#...#...#
######.# #.#.#.....# #
#.# #.#.#hB..=#
######.#####.#.#@##..#
...............#.....#
.......###.......#...#
######## #...........#
#.......##..# ####
#.......# ..# ...#
#.......# ... ...#
#.......# ### ...#
#.......#


You could see Natasha and a giant cockroach.

Vanquished Creatures
  Natasha (twice) (D:2)
  4 gnolls (D:2)
  An adder (D:2)
  A worm (D:2)
  2 dart slugs
  A bat (D:2)
  4 endoplasms
  A giant cockroach (D:2)
  4 goblins
  2 jackals (D:2)
  2 kobolds
  A quokka (D:2)
  3 frilled lizards (D:2)
  2 rats
30 creatures vanquished.

Notes
Turn   | Place    | Note
-------+----------+-------------------------------------------
     0 | D:1      | tizbic2 the Ogre Warper began the quest for the Orb.
     0 | D:1      | Reached XP level 1. HP: 22/22 MP: 3/3
   175 | D:1      | Reached XP level 2. HP: 21/29 MP: 5/5
   277 | D:1      | Learned a level 2 spell: Blink
   857 | D:2      | Noticed Natasha
   864 | D:2      | Killed Natasha
   865 | D:2      | Reached XP level 3. HP: 24/37 MP: 7/7
  1068 | D:2      | Reached XP level 4. HP: 33/45 MP: 8/8
  1250 | D:2      | Found Sakaaf's Antique Armour Shoppe.
  1450 | D:2      | Noticed Natasha
  1456 | D:2      | Killed Natasha
  1457 | D:2      | Reached XP level 5. HP: 23/54 MP: 9/9
  1601 | D:2      | Noticed Natasha
  1624 | D:2      | HP: 2/54 [Natasha (8)]
  1625 | D:2      | Slain by Natasha

Illustrated notes

Levels and vault maps discovered:
D:1:      lightli_arrival_lavapool, layout_loops_ring
D:2:      layout_basic, serial_shops, shop, hellmonk_ecumenical_altar_blasted,
          uniq_natasha

Skill      XL: |  1  2  3  4 |
---------------+-------------+-----
Fighting       | 3 |  3.7
Translocations | 3 |  3.6
Polearms       | 3 |  3.4
Spellcasting   | 3 |  3.1
Throwing       | |  1.0
Dodging        | |  2.1

Action                     |  1- 3 |  4- 6 || total
---------------------------+-------+-------++-------
  Melee: Glaive            |    49 |    55 ||   104
         Spear             |     1 |       ||     1
    Use: Scroll            |     6 |     1 ||     7
         Potion            |       |     2 ||     2
 Armour: Robe              |    19 |    15 ||    34
  Dodge: Dodged            |    26 |    28 ||    54
